[Event "Team 45 45 League T44"]
[Site "Internet Chess Club"]
[Date "2010.03.07"]
[Round "5"]
[White "Quaq"]
[Black "quaksterjohny"]
[Result "1/2-1/2"]
[WhiteElo "1571"]
[BlackElo "1372"]
[Opening "English: Caro-Kann defensive system"]
[ECO "A11"]
[Time "08:01:14"]
[TimeControl "2700+45"]

1. c4 c6 2. g3 d5 3. Nf3 Nf6 4. Bg2 Bf5 5. O-O e6 6. b3 Be7 7. Bb2 O-O 8. d3 h6
9. Nbd2 Bh7 10. Re1 a5 11. a3 Nbd7 12. e4 Nc5 13. Ne5 Bd6 14. Qc2 a4 15. b4 Ncd7
16. Nxd7 Qxd7 17. e5 dxc4 18. exd6 Bxd3 19. Qd1 Ne8 20. Qg4 b5 21. Bd4 Bf5 22.
Qe2 Nxd6 23. Bc5 Rfd8 24. Ne4 Bxe4 25. Bxe4 Nxe4 26. Qxe4 Qd5 27. Qg4 Qg5 28.
Qxg5 hxg5 29. Be7 Rd5 30. Kg2 Ra7 31. Bc5 Rad7 32. Kf3 Kh7 33. Re3 Kg6 34. Rae1
Rd3 35. Rxd3 Rxd3+ 36. Re3 Rd5 37. h3 e5 38. Ke2 f6 39. Bf8 Kf7 40. Bc5 Kg6 41.
Rc3 Kf5 42. g4+ Ke6 43. Be3 Kf7 44. f3 Kg6 45. Bd2 Kf7 46. Re3 Kg6 47. Bc3 Kf7
48. Be1 {Game drawn by mutual agreement} 1/2-1/2

[Event "Team 45 45 League T44"]
[Site "Internet Chess Club"]
[Date "2010.03.05"]
[Round "5"]
[White "check-man"]
[Black "LazyPeon"]
[Result "0-1"]
[WhiteElo "1500"]
[BlackElo "1652"]
[Opening "Sicilian: Grand Prix attack"]
[ECO "B23"]
[Time "10:00:12"]
[TimeControl "2700+45"]

1. e4 c5 2. Nc3 Nc6 3. f4 d6 4. Nf3 g6 5. Bc4 Bg7 6. d3 e6 7. O-O Nge7 8. a3 a6
9. Qe1 b5 10. Ba2 Bb7 11. Be3 Nd4 12. Bxd4 cxd4 13. Ne2 Qb6 14. Kh1 Rc8 15. Rc1
O-O 16. c3 dxc3 17. bxc3 Qc5 18. Ra1 Bxc3 19. Nxc3 Qxc3 20. Qe3 Rfd8 21. Ng5 d5
22. e5 Nf5 23. Qh3 h6 24. g4 hxg5 25. gxf5 gxf5 26. Qg3 g4 27. h3 d4+ 28. Kg1
Qc6 29. Kh2 Kg7 30. Rac1 Qxc1 31. Rxc1 Rxc1 32. Qh4 Rh1+ 33. Kg3 Rxh3+ 34. Qxh3
gxh3 35. Kxh3 Rc8 {White resigns} 0-1

[Event "Team 45 45 League T44"]
[Site "Internet Chess Club"]
[Date "2010.03.07"]
[Round "5"]
[White "xt"]
[Black "juniorVishy"]
[Result "1-0"]
[WhiteElo "1573"]
[BlackElo "1312"]
[Opening "Sicilian: dragon, Yugoslav attack, 9...Bd7"]
[ECO "B77"]
[Time "16:20:36"]
[TimeControl "2700+45"]

1. e4 c5 2. Nf3 Nc6 3. d4 cxd4 4. Nxd4 g6 5. Nc3 Bg7 6. Be3 d6 7. Bc4 Nf6 8. f3
O-O 9. Qd2 Bd7 10. g4 Re8 11. h4 Ne5 12. Bb3 a5 13. a3 b5 14. O-O-O b4 15. axb4
axb4 16. Na2 Nexg4 17. fxg4 Nxe4 18. Qxb4 Bxg4 19. Rdg1 Bd7 20. h5 e6 21. hxg6
hxg6 22. Qe1 Nc5 23. Nc3 Nxb3+ 24. Nxb3 Bc6 25. Rh3 d5 26. Bh6 Bxh6+ 27. Rxh6
Qf6 28. Rgh1 d4 29. Rh8+ Qxh8 30. Rxh8+ Kxh8 31. Qe5+ Kg8 32. Nxd4 Bd7 33. Ne4
Kf8 34. Nf6 Red8 35. Nxd7+ Rxd7 36. Qh8+ Ke7 37. Qxa8 Rxd4 38. Qa7+ Rd7 39. Qc5+
Ke8 40. b4 Rd5 41. Qc6+ Ke7 42. b5 g5 43. b6 Rd6 44. Qc5 Kd7 45. b7 Rc6 46.
Qxc6+ Kxc6 47. b8=Q Kd5 48. Qb5+ Ke4 49. Qxg5 f5 50. Kd2 f4 51. c3 e5 52. Ke2
Kd5 53. c4+ Kxc4 54. Qxe5 f3+ 55. Kxf3 {Black resigns} 1-0

[Event "Team 45 45 League T44"]
[Site "Internet Chess Club"]
[Date "2010.03.04"]
[Round "5"]
[White "rook9999"]
[Black "chesshawk"]
[Result "0-1"]
[WhiteElo "1563"]
[BlackElo "1552"]
[Opening "Sicilian defense"]
[ECO "B34"]
[Time "18:24:01"]
[TimeControl "2700+45"]

1. e4 c5 2. Nf3 Nc6 3. d4 cxd4 4. Nxd4 g6 5. Bf4 Bg7 6. Nxc6 bxc6 7. Nc3 Nf6 8.
Bd3 O-O 9. O-O d5 10. exd5 cxd5 11. Rb1 Bg4 12. Qd2 Re8 13. Bb5 Bd7 14. Bxd7
Qxd7 15. Rbd1 e5 16. Bg3 d4 17. Ne2 Ne4 18. Qd3 Nxg3 19. Nxg3 Rab8 20. b3 Qc7
21. Ne4 f5 22. Ng5 e4 23. Qa6 Rb6 24. Qa4 Rc8 25. f3 e3 26. Rfe1 Qe7 27. f4 Rxc2
28. b4 Rb2 29. Qa5 Qb7 30. Qc5 Qxg2# {White checkmated} 0-1

[Event "Team 45 45 League T44"]
[Site "Internet Chess Club"]
[Date "2010.03.04"]
[Round "5"]
[White "UnderRated"]
[Black "Playslikefish"]
[Result "1-0"]
[WhiteElo "1672"]
[BlackElo "1463"]
[Opening "French: advance, Euwe variation"]
[ECO "C02"]
[Time "18:02:26"]
[TimeControl "2700+45"]

1. e4 e6 2. d4 d5 3. e5 c5 4. c3 Nc6 5. Nf3 Bd7 6. a3 Nge7 7. b4 cxd4 8. cxd4
Nf5 9. Bb2 Be7 10. Bd3 O-O 11. O-O Rc8 12. Nc3 Be8 13. Rc1 f6 14. Bxf5 exf5 15.
e6 Bh5 16. Na4 b6 17. Qd3 f4 18. Rc3 g5 19. h3 Bg6 20. Qd2 Qd6 21. Re1 Bf5 22.
Qe2 Rfe8 23. Qa6 Bxe6 24. Rec1 Qd7 25. Qb5 Nb8 26. Qe2 Rxc3 27. Nxc3 Rc8 28. Re1
Rc6 29. b5 Rd6 30. a4 Kf7 31. Ba3 g4 32. Bxd6 gxf3 33. Qxf3 Bxd6 34. Qh5+ Kg7
35. Nxd5 Bxd5 36. Qxd5 f3 37. Qxf3 Qf7 38. Re4 Qc4 39. Rg4+ Kf7 40. Qb7+ Ke6 41.
Re4+ {Black resigns} 1-0

[Event "Team 45 45 League T44"]
[Site "Internet Chess Club"]
[Date "2010.03.06"]
[Round "5"]
[White "PANAMA-REY"]
[Black "dabodhi"]
[Result "1-0"]
[WhiteElo "1508"]
[BlackElo "1282"]
[Opening "Vienna game"]
[ECO "C26"]
[Time "20:06:57"]
[TimeControl "2700+45"]

1. e4 e5 2. Nc3 Nf6 3. Bc4 Bb4 4. d3 c6 5. Nf3 Bxc3+ 6. bxc3 d5 7. exd5 cxd5 8.
Bb5+ Bd7 9. a4 Nc6 10. Bxc6 bxc6 11. h3 e4 12. Nh2 Qa5 13. Bd2 Qc7 14. O-O O-O
15. Bg5 Qe5 16. Qd2 Rab8 17. Bf4 Qh5 18. Bxb8 Rxb8 19. Rab1 Rxb1 20. Rxb1 Qg6
21. Rb8+ Ne8 22. Qe3 h5 23. Rb7 Bf5 24. Rb1 Nd6 25. dxe4 Nxe4 26. Kh1 h4 27. Nf3
f6 28. Nxh4 Qh7 29. Rb8+ Kf7 30. Nxf5 Qxf5 31. f3 Ng3+ 32. Kg1 Qxc2 33. Qe8#
{Black checkmated} 1-0

[Event "Team 45 45 League T44"]
[Site "Internet Chess Club"]
[Date "2010.03.07"]
[Round "5"]
[White "Tamarin"]
[Black "ollo"]
[Result "1-0"]
[WhiteElo "1593"]
[BlackElo "1247"]
[Opening "Nimzo-Indian: three knights variation"]
[ECO "E21"]
[Time "04:00:09"]
[TimeControl "2700+45"]

1. d4 Nf6 2. c4 e6 3. Nc3 Bb4 4. Nf3 Ne4 5. Bd2 Bxc3 6. Bxc3 Nxc3 7. bxc3 d6 8.
e4 Nd7 9. Bd3 e5 10. O-O Qe7 11. Re1 Nf6 12. h3 b6 13. Qc2 Bb7 14. Rad1 O-O-O
15. d5 Kb8 16. Rb1 Nd7 17. Nd2 Nc5 18. Nb3 Nxd3 19. Qxd3 c5 20. dxc6 Bxc6 21.
Na5 Bb7 22. Nxb7 Kxb7 23. Qd5+ Kb8 24. a4 Rc8 25. Rb5 Rc5 26. Rxc5 dxc5 27. Rb1
Qb7 28. Qxe5+ Ka8 29. Qxg7 Re8 30. Qxh7 Rxe4 31. Qg8+ Qb8 32. Qxf7 Qd6 33. Qd5+
Qxd5 34. cxd5 Rc4 35. d6 Re4 {Black resigns} 1-0

[Event "Team 45 45 League T44"]
[Site "Internet Chess Club"]
[Date "2010.03.08"]
[Round "5"]
[White "David2500"]
[Black "vishnugupta"]
[Result "1-0"]
[WhiteElo "1452"]
[BlackElo "1191"]
[Opening "Scotch gambit: Benima defense"]
[ECO "C44"]
[Time "20:00:08"]
[TimeControl "2700+45"]

1. e4 e5 2. Nf3 Nc6 3. d4 exd4 4. Bc4 Be7 5. O-O d6 6. Bf4 Bg4 7. Nbd2 Nf6 8.
Re1 O-O 9. h3 Bh5 10. g4 Bg6 11. Nh4 Nd7 12. Nxg6 hxg6 13. Bg3 Nce5 14. Bb3 c5
15. f4 Nc6 16. Nf3 Bf6 17. g5 Be7 18. Kg2 Na5 19. Ba4 Nc4 20. Qc1 Ne3+ 21. Kf2
Nb6 22. Bb5 a6 23. Bd3 c4 24. Be2 Rc8 25. Nxd4 d5 26. Qxe3 Bc5 27. e5 Re8 28.
Bg4 Rc7 29. h4 Ree7 30. Rh1 Rc6 31. h5 gxh5 32. Rxh5 g6 33. Rh6 Kg7 34. Rah1 Qg8
35. f5 gxf5 36. Bxf5 Rxh6 37. Rxh6 Kf8 38. Ne6+ fxe6 39. Qxc5 Nd7 40. Qc8+ Re8
41. Qxd7 exf5 42. Rf6+ Qf7 43. Qxf7# {Black checkmated} 1-0

[Event "Team 45 45 League T44"]
[Site "Internet Chess Club"]
[Date "2010.03.07"]
[Round "5"]
[White "Salvatore"]
[Black "rcddcr"]
[Result "0-1"]
[WhiteElo "1631"]
[BlackElo "1614"]
[Opening "Trompowsky attack (Ruth, Opocenský opening)"]
[ECO "A45"]
[Time "17:00:15"]
[TimeControl "2700+45"]

1. d4 Nf6 2. Bg5 Ne4 3. Bf4 d5 4. e3 Nc6 5. f3 g5 6. Be5 Nxe5 7. dxe5 Nc5 8. Nc3
c6 9. Nge2 Bg7 10. f4 gxf4 11. exf4 Qb6 12. Rb1 Bd7 13. Nd4 O-O 14. Be2 f6 15.
O-O fxe5 16. fxe5 Ne6 17. Kh1 Rxf1+ 18. Bxf1 Qxd4 19. Qh5 Qxe5 20. Qg4 Nc5 21.
Qh4 Rf8 22. Re1 Qf5 23. Be2 Qxc2 24. Qxe7 b6 25. Bh5 Nd3 26. Qxd7 Nxe1 27. Qe6+
Kh8 28. Qxe1 Qd2 29. Qb1 Be5 30. Bf3 Rxf3 {White resigns} 0-1

[Event "Team 45 45 League T44"]
[Site "Internet Chess Club"]
[Date "2010.03.07"]
[Round "5"]
[White "Shiri2000"]
[Black "CKNIGHT3"]
[Result "0-1"]
[WhiteElo "1433"]
[BlackElo "1487"]
[Opening "Sicilian: Scheveningen, 6.f4"]
[ECO "B82"]
[Time "12:06:34"]
[TimeControl "2700+45"]

1. e4 c5 2. Nc3 d6 3. f4 Nf6 4. Nf3 e6 5. d4 cxd4 6. Nxd4 a6 7. Be3 Nbd7 8. Bd3
Be7 9. O-O Qc7 10. Qf3 b5 11. Rae1 Bb7 12. Bd2 O-O 13. Qe2 Qc5 14. Be3 Qc7 15.
b3 Qxc3 {White resigns} 0-1

[Event "Team 45 45 League T44"]
[Site "Internet Chess Club"]
[Date "2010.03.05"]
[Round "5"]
[White "MeansToAnEnd"]
[Black "Cicero"]
[Result "1/2-1/2"]
[WhiteElo "1151"]
[BlackElo "1119"]
[Opening "Four knights: Italian variation"]
[ECO "C47"]
[Time "20:00:18"]
[TimeControl "2700+45"]

1. e4 e5 2. Nf3 Nc6 3. Nc3 Nf6 4. Bc4 d6 5. d3 Be6 6. Bb3 Be7 7. O-O Qd7 8. Ng5
Nd4 9. Nxe6 fxe6 10. Bg5 O-O-O 11. Ne2 h6 12. Bxf6 gxf6 13. Nxd4 exd4 14. Qg4
Rdg8 15. Qh3 d5 16. exd5 exd5 17. Qxd7+ Kxd7 18. Bxd5 Rg5 19. Be4 b6 20. a3 Kd6
21. f4 Rg7 22. b4 h5 23. g3 h4 24. Kg2 hxg3 25. hxg3 Rh4 26. Kf3 Rh3 27. Rg1 Ke6
28. f5+ Kf7 29. Bd5+ Kf8 30. Kf4 Bd6+ 31. Ke4 Bxg3 32. Rh1 Rg4+ 33. Kf3 Rf4+ 34.
Kg2 Rxh1 35. Rxh1 Bh4 36. Bf3 Bg5 37. Rh8+ Kg7 38. Rc8 c5 39. bxc5 b5 40. Rc7+
Kh6 41. Rxa7 Rxf5 42. c6 Rc5 43. Kg3 Kg6 44. c7 f5 45. Ra6+ Bf6 46. Bc6 Be5+ 47.
Kf3 Bxc7 48. Bxb5+ Kg5 49. Bc4 Ra5 50. Rxa5 Bxa5 51. a4 f4 52. Bb3 Bb4 53. Bd5
Ba5 54. Ke4 Bb6 55. a5 Ba7 56. a6 Kg4 57. Ke5 f3 58. Bxf3+ Kxf3 59. Kd5 Ke3 60.
Kc4 Kd2 61. Kb3 Bb6 62. Kb2 Ba7 {Game drawn by mutual agreement} 1/2-1/2

[Event "Team 45 45 League T44"]
[Site "Internet Chess Club"]
[Date "2010.03.07"]
[Round "5"]
[White "RamRock"]
[Black "chess92192"]
[Result "0-1"]
[WhiteElo "1819"]
[BlackElo "2012"]
[Opening "French: advance, Paulsen attack"]
[ECO "C02"]
[Time "16:00:17"]
[TimeControl "2700+45"]

1. e4 e6 2. d4 d5 3. e5 c5 4. c3 Nc6 5. Nf3 Nge7 6. Bd3 Qb6 7. O-O Bd7 8. Qe2
cxd4 9. cxd4 Nxd4 10. Nxd4 Qxd4 11. Nc3 a6 12. Rd1 Qb6 13. Bd2 Nc6 14. Na4 Qa7
15. Rac1 Nd4 16. Qg4 h5 17. Qf4 Bxa4 18. Rc7 Be7 19. Bb4 Nc6 20. Bxe7 Nxe7 21.
Qxa4+ Nc6 22. Qf4 Rf8 23. Rc1 Qb6 24. Rxf7 Rxf7 25. Bg6 Nd8 26. Bxh5 Kf8 27.
Bxf7 Nxf7 28. b3 Rd8 29. Rc3 d4 30. Rh3 Qa5 31. g4 Qxe5 32. Qd2 a5 33. b4 Qg5
34. Rh8+ Ke7 35. Qxg5+ Nxg5 36. Rh5 Kf6 37. f4 d3 38. fxg5+ Kg6 {White resigns}
0-1

[Event "Team 45 45 League T44"]
[Site "Internet Chess Club"]
[Date "2010.03.07"]
[Round "5"]
[White "hewdondada"]
[Black "winerum"]
[Result "1-0"]
[WhiteElo "1812"]
[BlackElo "1668"]
[Opening "QGD Slav: Dutch variation, main line"]
[ECO "D19"]
[Time "20:10:22"]
[TimeControl "2700+45"]

1. d4 d5 2. c4 c6 3. Nf3 Nf6 4. Nc3 dxc4 5. a4 Bf5 6. e3 e6 7. Bxc4 Bb4 8. O-O
O-O 9. Qe2 Nbd7 10. Rd1 Qc7 11. e4 Bg4 12. Bg5 e5 13. d5 Bxc3 14. bxc3 cxd5 15.
Bxd5 Nxd5 16. Rxd5 Qxc3 17. Rc1 Qa3 18. Qd1 f6 19. Be3 Rfc8 20. Ra1 Qb2 21. Rb1
Qc2 22. Qxc2 Rxc2 23. Rxb7 Nb6 24. Rc5 Rxc5 25. Bxc5 Rc8 26. Be3 Nxa4 27. Rxa7
Nc5 28. h3 Bh5 29. Nd2 Nd3 30. Nb3 Nf4 31. Nc5 Ne2+ 32. Kh2 Nd4 33. Na6 Bg6 34.
f3 Kf8 35. Nc7 Be8 36. Bxd4 exd4 37. Ne6+ Kg8 38. Nxd4 Bf7 39. Nf5 Rd8 40. Kg3
h6 41. Kf4 Rd2 42. g3 Rd3 43. g4 Rd1 44. h4 Rd3 45. h5 Rd1 46. Ra8+ Kh7 47. Rf8
Rd7 48. Nh4 Bg8 49. Ng6 Rf7 50. Re8 Rd7 51. Nf8+ Kh8 52. Nxd7 Kh7 53. Nf8+ Kh8
54. Ng6+ Kh7 55. Rd8 f5 56. exf5 Bf7 57. Rh8# {Black checkmated} 1-0

[Event "Team 45 45 League T44"]
[Site "Internet Chess Club"]
[Date "2010.03.08"]
[Round "5"]
[White "jps7"]
[Black "mugurelt"]
[Result "0-1"]
[WhiteElo "1492"]
[BlackElo "1736"]
[Opening "English: symmetrical variation"]
[ECO "A30"]
[Time "18:04:33"]
[TimeControl "2700+45"]

1. c4 c5 2. Nf3 Nc6 3. e3 g6 4. d4 cxd4 5. exd4 Bg7 6. d5 Ne5 7. Nbd2 Nxf3+ 8.
Nxf3 Nf6 9. Bd3 d6 10. O-O O-O 11. Rb1 Bg4 12. h3 Bd7 13. b3 Rb8 14. Re1 b5 15.
Be3 a6 16. Qd2 Nh5 17. Bh6 e5 18. dxe6 fxe6 19. Bxg7 Kxg7 20. Be2 Bc6 21. Nd4
Bd7 22. Bxh5 gxh5 23. Nxe6+ Bxe6 24. Rxe6 Rf7 25. Rbe1 bxc4 26. Qd4+ Kg8 27.
Qxc4 d5 28. Qxa6 Qh4 29. Re8+ Rxe8 30. Rxe8+ Kg7 31. Qe2 d4 32. Qe5+ Qf6 33.
Qxf6+ Kxf6 34. Rd8 Ke5 35. Kf1 Ra7 36. Re8+ Kd5 37. Re2 d3 38. Rd2 Kd4 39. Ke1
Kc3 40. Kd1 Rg7 41. g3 Re7 42. f4 Rg7 43. Rg2 Re7 44. g4 hxg4 45. hxg4 Rf7 46.
Rf2 Rg7 47. g5 h6 48. Rg2 hxg5 49. Rxg5 Rh7 50. Rc5+ Kd4 51. Rc4+ Ke3 52. Kc1
d2+ 53. Kc2 Rh1 54. Rc3+ Ke2 55. Rd3 Rc1+ 56. Kb2 Kxd3 57. f5 d1=Q 58. f6 Qd2+
59. Ka3 Rb1 60. f7 Qa5# {White checkmated} 0-1

[Event "Team 45 45 League T44"]
[Site "Internet Chess Club"]
[Date "2010.03.06"]
[Round "5"]
[White "OGO"]
[Black "UnderRated"]
[Result "0-1"]
[WhiteElo "1539"]
[BlackElo "1683"]
[Opening "Sicilian: Taimanov (Bastrikov) variation"]
[ECO "B47"]
[Time "12:04:03"]
[TimeControl "2700+45"]

1. e4 c5 2. Nf3 e6 3. d4 cxd4 4. Nxd4 Nc6 5. Nc3 Qc7 6. Nxc6 bxc6 7. Bc4 Nf6 8.
O-O d5 9. exd5 cxd5 10. Bb3 Bd6 11. g3 Ba6 12. Re1 O-O 13. Bg5 Nd7 14. Ne2 Bxe2
15. Rxe2 a5 16. c3 Nb6 17. Qd3 Rfe8 18. Rc1 f6 19. Bd2 a4 20. Bc2 g6 21. h4 Nc4
22. b3 Ne5 23. Qe3 axb3 24. axb3 Ng4 25. Qf3 f5 26. Rce1 Kf7 27. Qg2 Ra2 28. Bb1
Rb2 29. b4 Qc4 30. f3 Nf6 31. g4 fxg4 32. fxg4 Qxg4 33. Qxg4 Nxg4 34. Rf1+ Kg8
35. Rg2 Ne5 36. h5 Nf3+ 37. Rxf3 Rxb1+ 38. Kf2 Rb2 39. Ke2 Kg7 40. h6+ Kg8 41.
Rgf2 Rf8 42. Kd3 Rxf3+ 43. Rxf3 Be7 44. Be3 e5 45. Rf1 d4 46. cxd4 exd4 47. Bxd4
Rxb4 48. Ra1 Rb8 49. Re1 Bf8 50. Be3 Re8 51. Rf1 Re7 52. Kd4 Rf7 53. Rg1 Rf5 54.
Ke4 Rh5 55. Kf3 Rh3+ 56. Rg3 Rh5 57. Kg4 Bxh6 58. Bxh6 Rxh6 59. Kg5 Kg7 60. Rb3
Rh5+ 61. Kg4 Rf5 62. Rb7+ Rf7 63. Rb5 h6 64. Ra5 h5+ 65. Kg5 Rd7 66. Re5 Kf7 67.
Rb5 Kg7 68. Re5 Kh7 69. Rb5 Rg7 70. Ra5 Kg8 71. Ra6 Kf7 72. Ra7+ Kg8 73. Ra8+
Kh7 74. Ra6 Rg8 75. Ra7+ Kh8 76. Ra6 Kh7 77. Ra7+ Rg7 78. Ra6 Rb7 79. Ra5 Rb6
80. Re5 Kg7 81. Rc5 Kf7 82. Ra5 Ke7 83. Rc5 Kd7 84. Ra5 Kc7 85. Re5 Kb7 86. Rd5
Ka6 87. Kh4 Rb4+ 88. Kh3 Rg4 89. Re5 Kb6 90. Rd5 Kc6 91. Ra5 Kd6 92. Rb5 Rg1 93.
Kh4 Kc6 94. Ra5 Rh1+ 95. Kg5 Rg1+ 96. Kh4 Kb6 97. Rd5 Rg4+ 98. Kh3 Rc4 99. Rg5
Rc6 100. Kh4 Rf6 101. Rd5 Kc6 102. Ra5 Rf4+ 103. Kh3 Rg4 104. Re5 g5 105. Rf5
Rg1 106. Ra5 Kd6 107. Kh2 Rg4 108. Kh3 Ke6 109. Rc5 Kf6 110. Rd5 Re4 111. Ra5
Re3+ 112. Kh2 Re5 113. Ra4 Kf5 114. Kh3 Re3+ 115. Kg2 Re4 116. Ra5+ Kg4 117. Ra2
Kh4 118. Rd2 Kg4 119. Rd3 Re2+ 120. Kf1 Re4 121. Kg2 h4 122. Kh2 Re2+ 123. Kg1
Kf4 124. Kf1 Re3 125. Rd2 g4 126. Rd8 Kg3 127. Rh8 Ra3 128. Rh6 h3 129. Rh8 Ra1+
130. Ke2 h2 {White resigns} 0-1

[Event "Team 45 45 League T44"]
[Site "Internet Chess Club"]
[Date "2010.03.05"]
[Round "5"]
[White "HumanTornado"]
[Black "mickeys"]
[Result "0-1"]
[WhiteElo "1863"]
[BlackElo "1920"]
[Opening "English: Neo-Catalan"]
[ECO "A13"]
[Time "19:03:46"]
[TimeControl "2700+45"]

1. Nf3 e6 2. c4 d5 3. g3 Nf6 4. Bg2 Nc6 5. b3 dxc4 6. bxc4 e5 7. Nc3 Bc5 8. O-O
O-O 9. Rb1 Re8 10. d3 e4 11. dxe4 Qxd1 12. Rxd1 Nxe4 13. Nxe4 Rxe4 14. Ng5 Re8
15. Bd5 Nd8 16. Bf4 c6 17. Bg2 Bf5 18. Rb2 f6 19. Nf3 Ne6 20. Bc1 Rad8 21. Rbd2
Rxd2 22. Rxd2 Bb4 23. Rd1 Bc2 24. Rf1 Rd8 25. Bb2 Bc5 26. Bh3 Kf7 27. e3 Be4 28.
Bxe6+ Kxe6 29. Nd4+ Kf7 30. f3 Bg6 31. Kg2 Rd7 32. Rd1 Bb4 33. a3 Ba5 34. Rf1
Bb6 35. Bc3 Bd3 36. Re1 Bxc4 37. a4 c5 38. Nf5 Rd3 {White resigns} 0-1

[Event "Team 45 45 League T44"]
[Site "Internet Chess Club"]
[Date "2010.03.09"]
[Round "5"]
[White "ghostfire"]
[Black "az2112"]
[Result "0-1"]
[WhiteElo "1751"]
[BlackElo "1752"]
[Opening "QGD semi-Slav"]
[ECO "D43"]
[Time "21:30:08"]
[TimeControl "2700+45"]

1. d4 d5 2. c4 c6 3. Nf3 Nf6 4. Nc3 e6 5. Bg5 h6 6. Bxf6 Qxf6 7. cxd5 exd5 8. e4
dxe4 9. Nxe4 Bb4+ 10. Nc3 O-O 11. Be2 Be6 12. O-O Nd7 13. Ne4 Qg6 14. Bd3 Qh5
15. a3 Be7 16. Rc1 Bg4 17. Ng3 Qa5 18. h3 Be6 19. Re1 Rfe8 20. Bb1 Nf6 21. Qd3
Qb5 22. Qd2 Rad8 23. Re5 Qb6 24. Qc2 Bd6 25. Re2 Bxg3 26. fxg3 Qb3 27. Qc5 Qb5
28. Qxb5 cxb5 29. Rc7 Rd7 30. Rxd7 Bxd7 31. Ne5 Be6 32. Rd2 Nd5 33. Rc2 Bf5 34.
Rc1 Bxb1 35. Rxb1 b4 36. Kf2 bxa3 37. bxa3 b6 38. Rb5 Nc3 39. Rb3 Ne4+ 40. Ke2
f6 41. Re3 Nxg3+ 42. Rxg3 fxe5 43. Re3 e4 44. Kd2 Kf7 45. Kc3 Re6 46. d5 Rg6 47.
g4 Ke7 48. Rxe4+ Kd6 49. Kd4 Rf6 50. h4 g5 51. h5 b5 52. Re8 Rf4+ 53. Re4 Rxe4+
54. Kxe4 a5 55. Kd4 b4 56. axb4 axb4 57. Kc4 b3 58. Kxb3 Kxd5 59. Kc3 Ke4 60.
Kd2 Kf3 61. Ke1 Kxg4 62. Kf2 Kf4 63. Kg2 Kg4 64. Kh2 Kf3 65. Kh3 g4+ 66. Kh2 Kf2
67. Kh1 Kg3 68. Kg1 Kh3 69. Kh1 Kh4 70. Kh2 Kxh5 71. Kg3 Kg5 72. Kg2 h5 73. Kh2
h4 74. Kg2 Kf4 75. Kh2 Kf3 76. Kg1 Kg3 77. Kh1 h3 78. Kg1 Kf3 79. Kh1 Kf2 80.
Kh2 g3+ 81. Kh1 g2+ 82. Kh2 g1=Q+ {White resigns} 0-1

[Event "Team 45 45 League T44"]
[Site "Internet Chess Club"]
[Date "2010.03.06"]
[Round "5"]
[White "Andressa"]
[Black "Monsieur"]
[Result "1-0"]
[WhiteElo "1566"]
[BlackElo "1533"]
[Opening "Petrov three knights game"]
[ECO "C26"]
[Time "09:09:16"]
[TimeControl "2700+45"]

1. e4 e5 2. Nc3 Nf6 3. Nf3 d5 4. exd5 Be6 5. dxe6 fxe6 6. Nxe5 Bd6 7. d4 Nbd7 8.
Bf4 Qe7 9. Nb5 a6 10. Nxd6+ cxd6 11. Nxd7 Nxd7 12. Qh5+ g6 13. Qg5 Nf6 14. Bxd6
Qxd6 15. Qxf6 Rf8 16. Qe5 Qb4+ 17. Kd1 Rxf2 18. Qxe6+ Kf8 19. Qe3 Rf7 20. Qa3
{Black resigns} 1-0

[Event "Team 45 45 League T44"]
[Site "Internet Chess Club"]
[Date "2010.03.07"]
[Round "5"]
[White "Merciful"]
[Black "imgr8"]
[Result "1/2-1/2"]
[WhiteElo "2152"]
[BlackElo "2046"]
[Opening "Sicilian: Nimzovich-Rossolimo attack (without ...d6)"]
[ECO "B30"]
[Time "16:05:39"]
[TimeControl "2700+45"]

1. e4 c5 2. Nf3 Nc6 3. Bb5 e6 4. Bxc6 bxc6 5. d3 Ne7 6. Qe2 Qc7 7. e5 Ng6 8. h4
f6 9. exf6 gxf6 10. h5 Nf4 11. Bxf4 Qxf4 12. Nbd2 Rg8 13. Rh4 Rg4 14. g3 Qf5 15.
Rxg4 Qxg4 16. Ne4 Be7 17. Nfd2 Qxe2+ 18. Kxe2 f5 19. Nc3 Rb8 20. Nd1 Kf7 21. Nf3
Bf6 22. Rb1 Kg7 23. b3 Kh6 24. Ne3 Kxh5 25. g4+ fxg4 26. Rh1+ Kg6 27. Nxg4 Bg7
28. Nge5+ Bxe5 29. Nxe5+ Kf6 30. f4 d6 31. Nc4 d5 32. Ne5 Rb7 33. Kf3 Rg7 34.
Rh6+ Ke7 35. Kf2 Kd6 36. Rf6 Bd7 37. Rf8 Kc7 38. Ra8 Kb7 39. Rf8 Kc7 40. Ra8 Kb7
41. Rf8 Kc7 {Game drawn by repetition} 1/2-1/2

[Event "Team 45 45 League T44 u"]
[Site "Internet Chess Club"]
[Date "2010.03.07"]
[Round "5"]
[White "jefferyx"]
[Black "MeoPatacca"]
[Result "1/2-1/2"]
[WhiteElo "2152"]
[BlackElo "1858"]
[Opening "Scandinavian (center counter) defense"]
[ECO "B01"]
[Time "15:32:40"]
[TimeControl "2700+45"]

1. e4 d5 2. exd5 Qxd5 3. Nc3 Qe5+ 4. Be2 c6 5. Nf3 Qc7 6. d4 Bf5 7. Ne5 e6 8. g4
Bg6 9. h4 Nf6 10. h5 Be4 11. f3 Bd5 12. Be3 Nbd7 13. Nxd7 Qxd7 14. Rg1 O-O-O 15.
Qd3 Bb4 16. a3 Ba5 17. O-O-O Qe7 18. Ne4 Bxe4 19. fxe4 h6 20. Bf3 Bb6 21. Qc4 e5
22. Rge1 exd4 23. Bxd4 Bxd4 24. Rxd4 Rxd4 25. Qxd4 Kb8 26. e5 Re8 27. Re2 Nd7
28. Qd6+ Ka8 29. Bxc6 Qxd6 30. exd6 Rxe2 31. Bxd7 Kb8 32. Bf5 Re5 33. b4 Rd5 34.
d7 b5 35. a4 a6 36. c4 bxc4 37. Kc2 Kc7 38. Kc3 Rd6 39. Kxc4 g6 40. hxg6 fxg6
41. Be4 Kxd7 42. b5 axb5+ 43. Kxb5 Kc7 44. Kc5 Rf6 45. Kd5 Kb8 46. Ke5 Ra6 47.
a5 Rxa5+ 48. Kf6 Rg5 49. Bf3 Kc7 50. Kg7 h5 51. gxh5 gxh5+ 52. Kh6 Rg1 53. Kxh5
Kd6 54. Be4 Ke5 55. Bb7 Rg8 56. Bc6 Rg7 57. Ba4 Kf5 58. Bc2+ Kf6 59. Bb3 Rg3 60.
Bc2 Rg2 61. Ba4 Rg3 62. Bc6 {Game drawn by mutual agreement} 1/2-1/2

[Event "Team 45 45 League T44"]
[Site "Internet Chess Club"]
[Date "2010.03.08"]
[Round "5"]
[White "MegaFish"]
[Black "whale5970"]
[Result "1/2-1/2"]
[WhiteElo "1781"]
[BlackElo "1731"]
[Opening "Réti opening"]
[ECO "A04"]
[Time "14:02:05"]
[TimeControl "2700+45"]

1. Nf3 b6 2. g3 Bb7 3. Bg2 c5 4. O-O e6 5. d3 Be7 6. e4 d6 7. a4 Nd7 8. Nbd2
Ngf6 9. Nc4 O-O 10. Re1 e5 11. c3 Qc7 12. Qe2 Rac8 13. b3 h6 14. Nh4 Nh7 15. Nf5
Rfe8 16. Qg4 Bf8 17. Nxh6+ Kh8 18. Nxf7+ Kg8 19. Qg6 Ndf6 20. Nh6+ Kh8 21. Nf5
Bc6 22. Bg5 Re6 23. Bxf6 Rxf6 24. Qg4 Bd7 25. Qe2 Bxf5 26. exf5 Rxf5 27. Bh3 Rf6
28. Bxc8 Qxc8 29. h4 Qh3 30. Qf1 Qg4 31. Qg2 Qf5 32. Rad1 g5 33. Ne3 Qg6 34. Nd5
Rf7 35. Re4 g4 36. d4 cxd4 37. cxd4 Bg7 38. dxe5 Bxe5 39. Re2 Rf3 40. Re3 Qc2
41. Rde1 Qd2 42. Ne7 Bd4 43. R3e2 Bxf2+ 44. Kh1 Qc3 45. Rf1 Bxg3 46. Rxf3 Qxf3
47. Qxf3 gxf3 48. Rd2 Nf6 49. Nf5 Be1 50. Rxd6 Ne4 51. Re6 f2 52. Kg2 Nd2 53.
Ng3 Nxb3 54. Re8+ Kg7 55. Re7+ Kh6 56. Rxa7 Nc5 57. Ra8 Nd3 58. Rf8 Nb2 59. Rf6+
Kh7 60. Rxb6 Nxa4 61. Rb7+ Kh6 62. Rc7 Nc3 63. Rc6+ Kh7 64. Nf5 Nd5 65. Rh6+ Kg8
66. Ng3 Ne3+ 67. Kf3 Nf5 68. Rf6 Nxg3 69. Kg2 f1=Q+ 70. Rxf1 Nxf1 71. Kxf1 Bxh4
{Game drawn because neither player has mating material} 1/2-1/2

[Event "Team 45 45 League T44"]
[Site "Internet Chess Club"]
[Date "2010.03.08"]
[Round "5"]
[White "Ser-Enigma"]
[Black "QueensCounselor"]
[Result "1-0"]
[WhiteElo "2161"]
[BlackElo "2076"]
[Opening "Grünfeld: exchange variation"]
[ECO "D85"]
[Time "14:04:35"]
[TimeControl "2700+45"]

1. d4 Nf6 2. c4 g6 3. Nc3 d5 4. cxd5 Nxd5 5. e4 Nxc3 6. bxc3 Bg7 7. Bg5 c5 8.
Rc1 O-O 9. Nf3 Bg4 10. d5 h6 11. Be3 Qa5 12. Qd2 Nd7 13. c4 Qxd2+ 14. Nxd2 Bh5
15. h4 b6 16. f3 f5 17. exf5 gxf5 18. Bd3 Ne5 19. Bc2 f4 20. Bf2 Rae8 21. O-O
Nf7 22. Rfe1 Nd6 23. Ba4 Nf5 24. Bxe8 Rxe8 25. a4 Nd4 26. a5 Bg6 27. axb6 axb6
28. Ne4 Kf7 29. Rb1 Nc2 30. Rxb6 Nxe1 31. Bxe1 Bd4+ 32. Bf2 Bxe4 33. fxe4 Ra8
34. Bxd4 cxd4 35. Kf2 Ra2+ 36. Kf3 d3 37. Rb1 e5 38. Rd1 d2 39. Ke2 Rc2 40. Kd3
Ra2 41. Rxd2 Ra3+ 42. Kc2 Re3 43. d6 Ke8 44. d7+ Kd8 45. c5 Rxe4 46. Kc3 Ra4 47.
c6 Ra1 48. c7+ {Black resigns} 1-0